[Event "Titled Tuesday Blitz February 14 Late 2023"]
[White "Perez Ponsa, Federico"]
[Black "Paravyan, David"]
[WhiteFideId "117927"]
[BlackFideId "4194985"]
[WhiteElo "2532"]
[BlackElo "2601"]
[Result "1/2-1/2"]
[Round "08"]
[TimeControl "180+2"]
[Date "2023.02.14"]
[WhiteClock "0:00:12"]
[BlackClock "0:00:10"]

1. e4 e5 2. Nf3 Nf6 3. d4 Nxe4 4. Bd3 d5 5. Nxe5 Nd7 6. Nc3 Bb4 7. O-O Nxe5 8. dxe5 Nxc3 9. bxc3 Bxc3 10. Rb1 O-O 11. Bxh7+ Kxh7 12. Qd3+ Kg8 13. Qxc3 a5 14. f4 Bf5 15. Rxb7 d4 16. Qc5 d3 17. cxd3 Qxd3 18. Rb3 Qe2 19. Qf2 Qc4 20. Ba3 Rfd8 21. Rc1 Qxc1+ 22. Bxc1 Rd1+ 23. Qf1 Rxf1+ 24. Kxf1 Be6 25. Rb2 Rd8 26. Rc2 Rd1+ 27. Kf2 a4 28. a3 Rd7 29. Be3 Kh7 30. h3 Rd3 31. Bc1 Rd7 32. g4 Rd3 33. f5 Bd5 34. Rd2 Rf3+ 35. Ke2 Bc6 36. Rd3 Rxd3 37. Kxd3 Bg2 38. Ke3 Bxh3 39. Kf4 Kg8 40. Be3 Kf8 41. Bc5+ Ke8 42. g5 g6 43. fxg6 fxg6 44. Ke4 Kd7 45. Kd4 Ke6 46. Bb4 Kf5 47. Bd2 Bg2 48. Bc1 Bf3 49. Bd2 Bg2 50. Bc1 c6 51. Bd2 Ke6 52. Bc1 Bd5 53. Bd2 Bf3 54. Bc1 Bd5 55. Bb2 Kf5 56. Bc1 Bg2 57. Bd2 Bf3 58. Bc1 Bd1 59. Bd2 Bb3 60. Bc1 c5+ 61. Kxc5 Kxe5 62. Kb4 Kf5 63. Kc5 Bd1 64. Kb4 Bb3 65. Kc5 Bd1 66. Kb4 Bb3 1/2-1/2


[Site "https://www.chess.com"]

[Event "Titled Tuesday Blitz February 14 Late 2023"]
[White "Mekhitarian, Krikor Sevag"]
[Black "Terry, Renato"]
[WhiteFideId "2107660"]
[BlackFideId "3803457"]
[WhiteElo "2537"]
[BlackElo "2520"]
[Result "0-1"]
[Round "08"]
[TimeControl "180+2"]
[Date "2023.02.14"]
[WhiteClock "0:00:05"]
[BlackClock "0:00:05"]

1. Nf3 d5 2. c4 d4 3. b4 g6 4. g3 Bg7 5. d3 e5 6. Bg2 Ne7 7. O-O O-O 8. a4 Re8 9. Ra2 Nf5 10. a5 a6 11. Nbd2 Nd7 12. Ne4 h6 13. Qb3 Nf6 14. Nxf6+ Qxf6 15. Nd2 Nd6 16. Rc2 Qe7 17. Ba3 Qd8 18. Rfc1 Be6 19. Qb1 c6 20. Nb3 Bf5 21. Nc5 e4 22. Rf1 h5 23. Qd1 h4 24. Bb2 hxg3 25. fxg3 Qe7 26. Kh1 Rad8 27. Nb3 Bg4 28. Qd2 exd3 29. exd3 Nf5 30. Rf4 Bh6 31. Rc1 Qd6 32. Rcf1 Re2 33. Qc1 Bxf4 34. Rxf4 Ne3 35. Be4 Qxb4 36. Nxd4 Re1+ 0-1


[Site "https://www.chess.com"]

[Event "Titled Tuesday Blitz February 14 Late 2023"]
[White "Nakamura, Hikaru"]
[Black "Pakleza, Zbigniew"]
[WhiteFideId "2016192"]
[BlackFideId "1119290"]
[WhiteElo "2775"]
[BlackElo "2494"]
[Result "1-0"]
[Round "08"]
[TimeControl "180+2"]
[Date "2023.02.14"]
[WhiteClock "0:00:23"]
[BlackClock "0:00:01"]

1. Nf3 d5 2. g3 Nf6 3. Bg2 Bf5 4. c4 c6 5. O-O e6 6. Nc3 Be7 7. d3 O-O 8. Nh4 Bg4 9. h3 Bh5 10. g4 Bg6 11. b3 a5 12. e3 Na6 13. Qe2 Nd7 14. Nxg6 hxg6 15. d4 Re8 16. f4 Bb4 17. Bb2 f5 18. g5 Bxc3 19. Bxc3 Nc7 20. Rac1 Qb8 21. Rc2 Kf7 22. Rfc1 Rh8 23. Kh2 Ne8 24. c5 Nc7 25. Be1 Qa7 26. Bf1 Na6 27. Rb2 Nc7 28. Qc2 Rhb8 29. a4 Na6 30. Bc3 Nb4 31. Qd2 b6 32. Bxb4 axb4 33. cxb6 Rxb6 34. Rbc2 Rc8 35. Bb5 Nb8 36. Qxb4 Re8 37. Qd6 Re7 38. Bxc6 Rxb3 39. Bb5 Rxe3 40. Rc7 1-0


[Site "https://www.chess.com"]

[Event "Titled Tuesday Blitz February 14 Late 2023"]
[White "Naroditsky, Daniel"]
[Black "Lenderman, Aleksandr"]
[WhiteFideId "2026961"]
[BlackFideId "2021285"]
[WhiteElo "2618"]
[BlackElo "2572"]
[Result "0-1"]
[Round "08"]
[TimeControl "180+2"]
[Date "2023.02.14"]
[WhiteClock "0:00:04"]
[BlackClock "0:00:26"]

1. e4 c6 2. Nf3 g6 3. d4 Bg7 4. c3 d5 5. e5 f6 6. Bd3 Bg4 7. exf6 Nxf6 8. h3 Bxf3 9. Qxf3 O-O 10. Qe2 e5 11. dxe5 Nfd7 12. e6 Re8 13. O-O Nc5 14. Bc2 Nxe6 15. Qg4 Nd7 16. Qg3 Qf6 17. f4 Nec5 18. f5 Ne4 19. Bxe4 Rxe4 20. Nd2 Re5 21. fxg6 Qxg6 22. Qxg6 hxg6 23. Nf3 Re2 24. Rf2 Rae8 25. Rxe2 Rxe2 26. Bd2 Nc5 27. Re1 Rxe1+ 28. Nxe1 d4 29. cxd4 Bxd4+ 30. Kf1 Ne4 31. Bf4 Bxb2 32. Nd3 Bd4 33. h4 Nc3 34. a3 Kf7 35. g4 Nd5 36. Bd2 Nf6 37. g5 Nd5 38. Ke2 Ke6 39. Kf3 Kf5 40. Ne1 c5 41. Nc2 Be5 42. Be1 b5 43. Bf2 Bd6 44. Na1 Nb6 45. Nb3 Nd7 46. Ke2 Ke4 47. Nd2+ Kd5 48. Nf3 Ne5 49. Ne1 a5 50. Ng2 Ke4 51. Ne1 b4 52. axb4 cxb4 53. Bg3 a4 54. Kd1 b3 55. h5 gxh5 56. g6 Bf8 57. Bf2 Nxg6 58. Ke2 Nf4+ 59. Kd1 a3 60. Bg3 a2 61. Bxf4 a1=Q+ 62. Bc1 b2 63. Nd3 Kxd3 0-1


[Site "https://www.chess.com"]

[Event "Titled Tuesday Blitz February 14 Late 2023"]
[White "Yu, Yangyi"]
[Black "Sanal, Vahap"]
[WhiteFideId "8603820"]
[BlackFideId "6300545"]
[WhiteElo "2729"]
[BlackElo "2600"]
[Result "1-0"]
[Round "08"]
[TimeControl "180+2"]
[Date "2023.02.14"]
[WhiteClock "0:00:59"]
[BlackClock "0:00:06"]

1. Nf3 d5 2. g3 g6 3. Bg2 Bg7 4. d4 Nf6 5. c4 c6 6. Qa4 O-O 7. O-O Nbd7 8. cxd5 cxd5 9. Bf4 Nb6 10. Qb3 Nc4 11. Rc1 Ne4 12. Nc3 Nxc3 13. Rxc3 a5 14. a4 Ra6 15. Qa2 Bf5 16. Rac1 Be4 17. b3 Nd6 18. Be5 Rb6 19. Bxg7 Kxg7 20. Ne5 Rb4 21. e3 f6 22. Nd3 Bxd3 23. Rxd3 e6 24. Rdc3 Rf7 25. Qc2 Qb6 26. h4 h5 27. Bf3 f5 28. Qd1 Ne4 29. Bxe4 fxe4 30. Qc2 Qd8 31. Rc8 Qf6 32. Rc7 Rxc7 33. Qxc7+ Kh6 34. Rc3 b6 35. Qd7 Qg7 36. Qd8 1-0


[Site "https://www.chess.com"]

[Event "Titled Tuesday Blitz February 14 Late 2023"]
[White "Melkumyan, Hrant"]
[Black "Mamedov, Rauf"]
[WhiteFideId "13302485"]
[BlackFideId "13401653"]
[WhiteElo "2645"]
[BlackElo "2646"]
[Result "1/2-1/2"]
[Round "08"]
[TimeControl "180+2"]
[Date "2023.02.14"]
[WhiteClock "0:00:16"]
[BlackClock "0:00:13"]

1. d4 d6 2. Nf3 Nf6 3. Nc3 g6 4. e4 Bg7 5. Be2 O-O 6. O-O Nc6 7. d5 Nb8 8. Re1 e5 9. dxe6 Bxe6 10. h3 Nc6 11. Bg5 h6 12. Bf4 Re8 13. Bb5 Nd7 14. Qd2 Kh7 15. Rad1 a6 16. Ba4 Nb6 17. Bb3 a5 18. Nd5 Nd7 19. c3 a4 20. Bc2 Nde5 21. Nd4 Nxd4 22. cxd4 Nc4 23. Qc3 Bxd5 24. exd5 Rxe1+ 25. Rxe1 b5 26. b3 Qf6 27. g3 axb3 28. Bxb3 Qxd4 29. Qxd4 Bxd4 30. Re7 Kg7 31. Rxc7 Bc5 32. Rb7 Na5 33. Rxb5 Nxb3 34. axb3 Ra2 35. b4 Bxf2+ 36. Kf1 Kf6 37. Bxd6 Kf5 38. Be7 Ke4 39. Ra5 Rb2 40. d6 Kf3 41. Ra3+ Be3 42. Rxe3+ Kxe3 43. d7 Rb1+ 44. Kg2 Rb2+ 45. Kf1 Rb1+ 46. Kg2 Rb2+ 47. Kf1 1/2-1/2


[Site "https://www.chess.com"]

[Event "Titled Tuesday Blitz February 14 Late 2023"]
[White "Deac, Bogdan-Daniel"]
[Black "Pichot, Alan"]
[WhiteFideId "1226380"]
[BlackFideId "110973"]
[WhiteElo "2700"]
[BlackElo "2638"]
[Result "1-0"]
[Round "08"]
[TimeControl "180+2"]
[Date "2023.02.14"]
[WhiteClock "0:00:04"]
[BlackClock "0:00:02"]

1. c4 e5 2. d3 Nf6 3. Nf3 Nc6 4. a3 g6 5. b4 Bg7 6. Bb2 d6 7. g3 O-O 8. Bg2 h6 9. O-O Be6 10. Nbd2 Qd7 11. e3 Bh3 12. Rc1 a5 13. b5 Ne7 14. a4 b6 15. e4 Rfe8 16. Re1 Bxg2 17. Kxg2 Nh7 18. d4 exd4 19. Bxd4 Bxd4 20. Nxd4 Ng5 21. f4 Qh3+ 22. Kg1 Ne6 23. Nxe6 fxe6 24. Nf3 g5 25. fxg5 Rf8 26. Rc3 Rf7 27. gxh6 Qxh6 28. e5 d5 29. Qd2 Qg7 30. Ng5 Qh6 31. cxd5 Nxd5 32. Rc6 Re8 33. h4 Rd7 34. Rf1 Qg6 35. Qe2 Nb4 36. Rc4 Nd5 37. Rg4 Rg7 38. Kh2 Qh5 39. Qe4 Ree7 40. Rf2 Re8 41. Qd4 Qh6 42. Kg1 Qh5 43. Qe4 Ree7 44. Qf3 Re8 45. Re4 Qg6 46. Rc4 Qb1+ 47. Rf1 Qg6 48. Rc6 Rge7 49. Rxe6 Rxe6 50. Qxd5 Kg7 51. Nxe6+ Rxe6 52. Kg2 Qg4 53. Qd7+ Kh6 54. Rf6+ Rxf6 55. Qxg4 1-0


[Site "https://www.chess.com"]

[Event "Titled Tuesday Blitz February 14 Late 2023"]
[White "Sarana, Alexey"]
[Black "Madaminov, Mukhiddin"]
[WhiteFideId "24133795"]
[BlackFideId "14210703"]
[WhiteElo "2685"]
[BlackElo "2422"]
[Result "1-0"]
[Round "08"]
[TimeControl "180+2"]
[Date "2023.02.14"]
[WhiteClock "0:01:11"]
[BlackClock "0:01:26"]

1. c4 g6 2. d4 Nf6 3. Nc3 d5 4. Bf4 Bg7 5. e3 c5 6. dxc5 Qa5 7. Rc1 dxc4 8. Bxc4 O-O 9. Nf3 Qxc5 10. Qb3 Qa5 11. O-O Nbd7 12. Bxf7+ Kh8 13. Bc4 a6 14. Ng5 Nc5 15. Qd1 Qb4 16. Nf7+ Kg8 17. Ne5+ Be6 18. a3 Qb6 19. Nd5 Nxd5 20. Bxd5 Rad8 21. Rxc5 1-0


[Site "https://www.chess.com"]

[Event "Titled Tuesday Blitz February 14 Late 2023"]
[White "Yoo, Christopher Woojin"]
[Black "Barp, Alberto"]
[WhiteFideId "30909694"]
[BlackFideId "872555"]
[WhiteElo "2607"]
[BlackElo "2432"]
[Result "1-0"]
[Round "08"]
[TimeControl "180+2"]
[Date "2023.02.14"]
[WhiteClock "0:00:06"]
[BlackClock "0:00:04"]

1. e4 c5 2. Nf3 a6 3. c3 d5 4. exd5 Qxd5 5. d4 e6 6. Be3 cxd4 7. cxd4 Nf6 8. Nc3 Qd6 9. Bd3 Nc6 10. O-O Nb4 11. Ne4 Nxe4 12. Bxe4 Be7 13. Ne5 Nd5 14. Qf3 O-O 15. Rac1 Bf6 16. Rfd1 Bxe5 17. dxe5 Qxe5 18. Bd4 Qg5 19. g3 Bd7 20. h4 Qh6 21. Be3 Qf6 22. Qxf6 gxf6 23. Bxd5 exd5 24. Rc7 Bc6 25. Rd4 f5 26. g4 Rac8 27. Rxc8 Rxc8 28. gxf5 f6 29. Kf1 Kf7 30. Bh6 Re8 31. f3 Bb5+ 32. Kf2 Re2+ 33. Kg3 Rxb2 34. Rg4 d4 35. Rg7+ Ke8 36. Rxh7 d3 37. Rh8+ Kd7 38. Rh7+ Kc6 39. Rh8 Kd7 40. Rh7+ Kd6 41. Bf4+ Kc6 42. Rc7+ Kd5 43. Rc8 Kd4 44. Rd8+ Kc3 45. h5 d2 46. h6 Rb1 47. Bxd2+ Kc2 48. h7 Rh1 49. h8=Q Rxh8 50. Rxh8 Kxd2 51. Rf8 Bc4 52. Rxf6 Bxa2 53. Rb6 Bd5 54. f6 1-0


[Site "https://www.chess.com"]

[Event "Titled Tuesday Blitz February 14 Late 2023"]
[White "Golubka, Petro"]
[Black "Sjugirov, Sanan"]
[WhiteFideId "14114224"]
[BlackFideId "4189302"]
[WhiteElo "2371"]
[BlackElo "2712"]
[Result "0-1"]
[Round "08"]
[TimeControl "180+2"]
[Date "2023.02.14"]
[WhiteClock "0:00:23"]
[BlackClock "0:00:06"]

1. e4 c5 2. Nf3 Nc6 3. d4 cxd4 4. Nxd4 Nf6 5. Nc3 d6 6. Bg5 e6 7. f3 a6 8. Qd2 Bd7 9. O-O-O Be7 10. h4 h6 11. Be3 b5 12. Kb1 Rc8 13. g4 Ne5 14. Bd3 Qc7 15. g5 Nh5 16. gxh6 g6 17. Bg5 Qb6 18. Nce2 Bf8 19. Rhg1 Qc5 20. Be3 Qc7 21. f4 Nxd3 22. cxd3 Bxh6 23. f5 Bxe3 24. Qxe3 gxf5 25. exf5 e5 26. Rc1 Qd8 27. Rg5 Nf6 28. Rcg1 Qe7 29. Nf3 Bc6 30. a3 Kd7 31. Nc3 Rc7 32. Rg7 Nd5 33. Nxd5 Bxd5 34. R1g4 Qf6 35. Qg5 Qxg5 36. Nxg5 Ke7 37. Ne4 Bxe4 38. dxe4 Rc4 39. R7g5 Kf6 40. Rg7 d5 41. exd5 Rxg4 42. Rxg4 Kxf5 43. Rg5+ Kf6 44. Rg4 Ke7 45. a4 Kd6 46. axb5 axb5 47. Rg7 f5 48. Rb7 Kxd5 49. Rxb5+ Ke4 50. Rb4+ Kf3 51. Rb5 Kf4 52. Rb7 Rxh4 53. b4 e4 54. b5 e3 55. b6 Rh1+ 56. Kc2 e2 0-1


[Site "https://www.chess.com"]

[Event "Titled Tuesday Blitz February 14 Late 2023"]
[White "Kollars, Dmitrij"]
[Black "Nasuta, Grzegorz"]
[WhiteFideId "12909572"]
[BlackFideId "1141686"]
[WhiteElo "2607"]
[BlackElo "2552"]
[Result "1-0"]
[Round "08"]
[TimeControl "180+2"]
[Date "2023.02.14"]
[WhiteClock "0:00:32"]
[BlackClock "0:00:04"]

1. e4 c5 2. c3 Nf6 3. e5 Nd5 4. Bc4 e6 5. Nf3 Nc6 6. d4 cxd4 7. cxd4 d6 8. O-O Be7 9. Qe2 O-O 10. Nc3 Nxc3 11. bxc3 dxe5 12. dxe5 Qa5 13. Rb1 Qxc3 14. Bd2 Qa3 15. Qe4 Rd8 16. Bg5 h6 17. Bc1 Qa4 18. Be3 Na5 19. Rbc1 Bd7 20. Qg4 Kf8 21. Qe4 Kg8 22. Qg4 Kh8 23. Rfd1 Bb5 24. Rxd8+ Rxd8 25. Qh5 Bxc4 26. Nd2 Bd3 27. Qxf7 Qe8 28. Qxe6 Ba3 29. Qxe8+ Rxe8 30. Rc3 Bb2 31. Rxd3 Bxe5 32. Bxa7 Bd4 33. Bxd4 1-0


[Site "https://www.chess.com"]

[Event "Titled Tuesday Blitz February 14 Late 2023"]
[White "Jaracz, Pawel"]
[Black "Rasulov, Vugar"]
[WhiteFideId "1102222"]
[BlackFideId "13402390"]
[WhiteElo "2467"]
[BlackElo "2523"]
[Result "1-0"]
[Round "08"]
[TimeControl "180+2"]
[Date "2023.02.14"]
[WhiteClock "0:00:21"]
[BlackClock "0:00:02"]

1. e4 c5 2. Nf3 e6 3. d4 cxd4 4. Nxd4 Nc6 5. Nc3 Qc7 6. Be2 a6 7. O-O Nf6 8. Be3 Bb4 9. Na4 Be7 10. c4 O-O 11. Nc3 b6 12. Rc1 Bb7 13. f3 Rac8 14. Kh1 Ne5 15. Na4 d6 16. b4 Ned7 17. Nb3 Bc6 18. Nc3 Qb8 19. Qd2 Bd8 20. Rb1 Bb7 21. a4 Ne5 22. c5 d5 23. cxb6 dxe4 24. f4 Neg4 25. a5 Be7 26. Bc5 e3 27. Qe1 Rfe8 28. Qg3 Nf2+ 29. Kg1 N2e4 30. Nxe4 Nxe4 31. Qxe3 Bd5 32. Rbc1 Bf6 33. Bxa6 Rcd8 34. Bb5 Re7 35. a6 h5 36. Na5 Nxc5 37. bxc5 Ba8 38. Rfd1 e5 39. f5 e4 40. b7 Kh7 41. Nc6 Rxd1+ 42. Rxd1 Qc7 43. bxa8=Q Rd7 44. Re1 1-0


[Site "https://www.chess.com"]

[Event "Titled Tuesday Blitz February 14 Late 2023"]
[White "Oro, Faustino"]
[Black "Indjic, Aleksandar"]
[WhiteFideId "20000197"]
[BlackFideId "911925"]
[WhiteElo "2269"]
[BlackElo "2618"]
[Result "0-1"]
[Round "08"]
[TimeControl "180+2"]
[Date "2023.02.14"]
[WhiteClock "0:00:12"]
[BlackClock "0:00:36"]

1. e4 e5 2. Nf3 Nc6 3. Bb5 Nf6 4. d3 Bc5 5. c3 O-O 6. O-O d5 7. exd5 Qxd5 8. Bc4 Qd8 9. h3 a5 10. a4 h6 11. Nbd2 Bf5 12. Nb3 Bb6 13. Re1 Re8 14. Be3 Bxe3 15. Rxe3 Nd5 16. Re1 Nf4 17. d4 e4 18. Nh2 Qg5 19. Ng4 h5 20. Ne3 Bxh3 21. Bf1 Rad8 22. Kh2 Ne5 23. Nd2 Bg4 24. Qb3 Nf3+ 25. gxf3 Bxf3 26. Nxf3 exf3 27. Qb5 Qh4+ 28. Kg1 Re6 29. Nf5 Rg6+ 30. Ng3 c6 31. Qf5 Rd5 32. Re8+ Kh7 33. Qxf7 Rxg3+ 34. fxg3 Qxg3+ 35. Kh1 Qh4+ 0-1


[Site "https://www.chess.com"]

[Event "Titled Tuesday Blitz February 14 Late 2023"]
[White "Costachi, Mihnea"]
[Black "Urazayev, Arystanbek"]
[WhiteFideId "1217518"]
[BlackFideId "13709810"]
[WhiteElo "2476"]
[BlackElo "2460"]
[Result "0-1"]
[Round "08"]
[TimeControl "180+2"]
[Date "2023.02.14"]
[WhiteClock "0:00:06"]
[BlackClock "0:01:16"]

1. Nc3 Nf6 2. e4 e5 3. Bc4 Nc6 4. d3 Bb4 5. Ne2 d5 6. exd5 Nxd5 7. O-O Be6 8. Bb3 O-O 9. a3 Bxc3 10. Nxc3 Nxc3 11. bxc3 Bxb3 12. cxb3 Qd7 13. Ra2 Rad8 14. Rd2 Rfe8 15. Re1 f6 16. Bb2 a5 17. b4 b6 18. b5 Ne7 19. a4 Ng6 20. d4 exd4 21. Rxd4 Rxe1+ 22. Qxe1 Re8 23. Qd1 Qe6 24. h3 Qe1+ 25. Qxe1 Rxe1+ 26. Kh2 Rb1 27. Ba3 Rb3 28. Bc1 Rxc3 29. Be3 Kf7 30. Rd7+ Ne7 31. Bf4 Ke6 32. Rd4 Nd5 33. Bg3 f5 34. h4 g6 35. Kg1 Rb3 36. Rc4 Rb4 37. Rc1 f4 38. Bh2 Rxa4 39. g3 fxg3 40. Bxg3 Rb4 41. Bxc7 Nxc7 42. Rxc7 Rxb5 43. Rxh7 a4 44. Ra7 Ra5 45. Rb7 b5 46. Rxb5 Rxb5 0-1


[Site "https://www.chess.com"]

[Event "Titled Tuesday Blitz February 14 Late 2023"]
[White "Salimova, Nurgyul"]
[Black "Gharibyan, Mamikon"]
[WhiteFideId "2915138"]
[BlackFideId "13308300"]
[WhiteElo "2391"]
[BlackElo "2500"]
[Result "1-0"]
[Round "08"]
[TimeControl "180+2"]
[Date "2023.02.14"]
[WhiteClock "0:00:13"]
[BlackClock "0:00:03"]

1. e4 e5 2. Nc3 Nf6 3. f4 d5 4. fxe5 Nxe4 5. Qf3 f5 6. d3 Nxc3 7. bxc3 c5 8. d4 Nc6 9. Bb5 cxd4 10. Ne2 dxc3 11. Rb1 Be7 12. O-O O-O 13. Kh1 Nxe5 14. Qxc3 Bf6 15. Qg3 Nc4 16. Rd1 Nb6 17. Ba3 Be7 18. Bb2 Bf6 19. Ba3 Rf7 20. Nf4 Bd7 21. Nxd5 Bxb5 22. Rxb5 Nxd5 23. Rbxd5 Qc8 24. Qb3 Kh8 25. h3 Qg8 26. Rxf5 Rc7 27. Qf3 Rc6 28. Bd6 Qe6 29. Be5 Rg8 30. Bxf6 gxf6 31. Rf1 Qxa2 32. Rxf6 Qxc2 33. Rf7 Qg6 34. Qd5 1-0


[Site "https://www.chess.com"]

[Event "Titled Tuesday Blitz February 14 Late 2023"]
[White "Ibarra Jerez, Jose Carlos"]
[Black "Alex_Sahakyan2006"]
[WhiteFideId "2226332"]
[WhiteElo "2563"]
[BlackElo "2696"]
[Result "1-0"]
[Round "08"]
[TimeControl "180+2"]
[Date "2023.02.14"]
[WhiteClock "0:00:08"]
[BlackClock "0:00:01"]

1. e4 e5 2. Nf3 Nc6 3. Nc3 Nf6 4. h3 Bb4 5. Nd5 Be7 6. d3 h6 7. c3 d6 8. Nxe7 Qxe7 9. Be2 Bd7 10. b4 a6 11. a4 d5 12. Ba3 b5 13. Qc2 O-O 14. O-O Be6 15. Rfe1 Qd7 16. Bf1 Rfe8 17. Nd2 Na7 18. Nb3 dxe4 19. dxe4 Bxb3 20. Qxb3 bxa4 21. Qc2 Nb5 22. Bc1 Qc6 23. c4 Nd4 24. Qxa4 Qb7 25. f3 Nh5 26. Be3 Nf4 27. Kh2 Nfe6 28. c5 a5 29. bxa5 Nxc5 30. Qc4 Nce6 31. a6 Qc8 32. Ra5 c5 33. a7 Qc7 34. Rea1 Re7 35. Qa4 Rd7 36. Bb5 Re7 37. Bc4 Rd7 38. Kh1 Rdd8 39. Bd5 Ne2 40. Bxa8 Rxa8 41. Qc4 N2d4 42. Qd5 Qc8 43. Ra6 Nc2 44. Qxa8 Qxa8 45. Rb1 Kh7 46. Rb8 Nc7 47. Rxa8 Nxa8 48. Bxc5 1-0


[Site "https://www.chess.com"]

[Event "Titled Tuesday Blitz February 14 Late 2023"]
[White "Samsonkin, Artiom"]
[Black "EREBUNI91"]
[WhiteFideId "13503111"]
[WhiteElo "2420"]
[BlackElo "2724"]
[Result "0-1"]
[Round "08"]
[TimeControl "180+2"]
[Date "2023.02.14"]
[WhiteClock "0:00:05"]
[BlackClock "0:00:27"]

1. e4 c5 2. Nf3 d6 3. d4 cxd4 4. Nxd4 Nf6 5. Nc3 a6 6. Be2 e5 7. Nf3 Be7 8. Bg5 Be6 9. Bxf6 Bxf6 10. O-O Nd7 11. Nd5 Rc8 12. c4 O-O 13. Qd2 Bxd5 14. Qxd5 Nc5 15. Rfd1 Ne6 16. b3 Rc6 17. g3 h5 18. Bf1 h4 19. Bh3 Qe7 20. Kg2 Nd4 21. Nxd4 exd4 22. Qf5 Qe5 23. Qxe5 dxe5 24. a4 a5 25. f4 Rd8 26. Rd3 g6 27. Kf3 Kg7 28. Rc1 hxg3 29. hxg3 Rb6 30. c5 Rc6 31. Rc4 Be7 32. fxe5 Bxc5 33. Ke2 b6 34. Rf3 Re8 35. e6 fxe6 36. Kd3 e5 37. Rc1 Rf6 38. Rxf6 Kxf6 39. Rf1+ Kg7 40. Bd7 Rh8 41. Be6 Rh2 42. g4 Kh6 43. Kc4 Kg5 44. Kd5 d3 45. Kxe5 d2 46. Bc4 Rf2 47. Rd1 Kxg4 48. Kd5 Kf4 49. e5 Ke3 50. e6 g5 51. Rg1 g4 0-1


[Site "https://www.chess.com"]

[Event "Titled Tuesday Blitz February 14 Late 2023"]
[White "Boros, Denes"]
[Black "Boyer, Mahel"]
[WhiteFideId "722340"]
[BlackFideId "45102422"]
[WhiteElo "2406"]
[BlackElo "2489"]
[Result "1/2-1/2"]
[Round "08"]
[TimeControl "180+2"]
[Date "2023.02.14"]
[WhiteClock "0:00:15"]
[BlackClock "0:00:08"]

1. e4 Nc6 2. Bb5 d5 3. Nc3 dxe4 4. f3 e5 5. fxe4 Bc5 6. Nf3 Ne7 7. d3 O-O 8. Bc4 Na5 9. Bb3 Nxb3 10. axb3 Ng6 11. Qe2 Re8 12. Be3 Nf4 13. Bxf4 exf4 14. O-O-O Be3+ 15. Kb1 c6 16. g3 a5 17. gxf4 Bxf4 18. h4 a4 19. bxa4 b5 20. Ng5 h6 21. Nxf7 Qf6 22. Ng5 hxg5 23. hxg5 Bxg5 24. Qh5 Be6 25. Qh7+ Kf8 26. Rdf1 Bf4 27. Ne2 g5 28. e5 Qg7 29. Nxf4 Qxh7 30. Nxe6+ Kg8 31. Rxh7 Kxh7 32. Nxg5+ Kg6 33. Ne4 Rxe5 34. Rf6+ Kg7 35. Rxc6 Rxa4 36. b3 Ra7 37. Kb2 Kf7 38. Rh6 Rae7 39. b4 Kf8 40. Rb6 R7e6 41. Rb7 Re7 42. Nd6 Rxb7 43. Nxb7 Ke7 44. Kb3 Kd7 45. Nc5+ Kc6 46. Ne4 Kd5 47. Nd2 Re3 48. Nb1 Kd4 49. Na3 Re5 50. Kb2 Rh5 51. Nb1 Rh2 52. Kb3 Rh5 53. Nd2 Rf5 54. Ne4 Rd5 55. Nf6 Rf5 56. Nd7 Rf1 57. Kb2 Rf5 58. Nc5 Rf2 59. Kb3 Rf1 60. Ne6+ Kd5 61. Nc7+ Kc6 62. Na6 Kd5 63. Kc3 Rb1 64. Nc5 Kc6 65. Nb3 Rh1 66. Nd4+ Kb6 67. Ne6 Rh5 68. Kb3 Rh6 69. Nf4 Rd6 70. Kc3 Rc6+ 71. Kb3 Rd6 72. Ne2 Re6 73. Ng3 Re1 74. Nf5 Rb1+ 75. Kc3 Rf1 76. Ne3 Rf3 77. Kd2 Kc6 78. Nd1 Rh3 79. Nc3 Rh2+ 80. Kc1 Rh5 81. Kb2 Rh2 82. Kb3 Rg2 83. Nd1 Rg3 84. Nf2 Rg1 85. Ne4 Rb1+ 86. Ka3 Rg1 87. Kb2 Rg6 88. c4 bxc4 89. dxc4 Rg4 90. Nd2 Rg3 91. Kc2 Rh3 92. Ne4 Re3 93. Nc3 Rh3 94. Nd5 Kd6 95. Kb2 Rg3 96. Nc3 Kc6 97. b5+ Kb6 98. Nd5+ Kc5 99. b6 Rg7 100. Kb3 Rb7 101. Kc3 Rxb6 102. Nxb6 Kxb6 103. Kd4 Kc6 104. Kd3 Kc5 105. Kc3 Kc6 106. Kd4 Kd6 107. Kd3 Kc5 108. Kc3 Kc6 109. Kb4 Kb6 110. Kb3 Kc5 111. Kc3 1/2-1/2


[Site "https://www.chess.com"]

[Event "Titled Tuesday Blitz February 14 Late 2023"]
[White "Avinash, Ramesh"]
[Black "Sanchez, Sebastian Felipe"]
[WhiteFideId "45018340"]
[BlackFideId "4403304"]
[WhiteElo "2319"]
[BlackElo "2427"]
[Result "1-0"]
[Round "08"]
[TimeControl "180+2"]
[Date "2023.02.14"]
[WhiteClock "0:02:28"]
[BlackClock "0:02:19"]

1. e4 e6 2. d4 d5 3. Nc3 Nf6 4. e5 Nfd7 5. f4 c5 6. Nf3 Nc6 7. Be3 a6 8. Qd2 b5 9. Ne2 b4 10. Ng3 a5 11. f5 exf5 12. dxc5 Nxc5 13. Bb5 Qb6 14. Nd4 Bd7 15. Bxc6 Bxc6 16. Ndxf5 Qc7 17. O-O Rd8 18. Nd6+ Bxd6 19. exd6 Qxd6 20. Qf2 1-0


[Site "https://www.chess.com"]

[Event "Titled Tuesday Blitz February 14 Late 2023"]
[White "Domingo Nunez, Ruben"]
[Black "Makridis, Dimitrios"]
[WhiteFideId "22245570"]
[BlackFideId "25864475"]
[WhiteElo "2416"]
[BlackElo "2356"]
[Result "0-1"]
[Round "08"]
[TimeControl "180+2"]
[Date "2023.02.14"]
[WhiteClock "0:00:06"]
[BlackClock "0:00:57"]

1. b3 e5 2. Bb2 Nc6 3. e3 Nf6 4. Bb5 Bd6 5. c4 Qe7 6. Bxc6 dxc6 7. d3 e4 8. Nc3 Bg4 9. Qc2 exd3 10. Qxd3 Bh5 11. Nf3 O-O 12. h3 Rad8 13. Qc2 Rfe8 14. Nh4 Be5 15. g4 Bg6 16. Nxg6 hxg6 17. Rd1 Rxd1+ 18. Kxd1 b5 19. cxb5 cxb5 20. Kc1 b4 21. Ne2 Ne4 22. Nd4 Bxd4 23. Bxd4 c5 24. Bb2 a5 25. Rd1 a4 26. bxa4 Qe6 27. f3 Nc3 28. Bxc3 bxc3 29. Rd3 Qf6 30. e4 Qf4+ 31. Kd1 c4 32. Rxc3 Rd8+ 33. Ke2 Qh2+ 34. Ke3 Rd3+ 35. Qxd3 cxd3 36. Kxd3 Qxa2 37. Rc4 g5 38. Kd4 Qf2+ 39. Kd5 Qxf3 40. a5 Qxh3 41. a6 Qxg4 42. Kc6 Qc8+ 43. Kb5 Qb8+ 44. Ka5 g4 45. Rb4 Qd8+ 46. Ka4 g3 47. a7 Qd7+ 48. Kb3 Qxa7 0-1


[Site "https://www.chess.com"]

[Event "Titled Tuesday Blitz February 14 Late 2023"]
[White "Vlassov, Nikolai"]
[Black "Fier, Alexandr"]
[WhiteFideId "4103360"]
[BlackFideId "2107139"]
[WhiteElo "2283"]
[BlackElo "2589"]
[Result "1-0"]
[Round "08"]
[TimeControl "180+2"]
[Date "2023.02.14"]
[WhiteClock "0:01:09"]
[BlackClock "0:02:02"]

1. e4 e5 2. Bc4 Nf6 3. d3 c6 4. Nf3 d5 5. Bb3 a5 6. Nc3 d4 7. Nxe5 dxc3 8. Nxf7 Qb6 9. Nxh8 a4 10. Bf7+ Ke7 11. bxc3 g6 12. e5 Nd5 13. Bg5+ Kd7 14. Bxd5 cxd5 15. Qf3 Qc5 16. O-O Nc6 17. d4 Qa3 18. Qxd5+ Kc7 19. Nf7 Bf5 20. e6 Qxc3 21. Bf4+ Kb6 22. Rab1+ Ka7 23. Qb5 Bb4 24. d5 Bxc2 25. dxc6 1-0


[Site "https://www.chess.com"]

[Event "Titled Tuesday Blitz February 14 Late 2023"]
[White "Klose, Eli"]
[Black "Ozen, Bahadir"]
[WhiteFideId "16242955"]
[BlackFideId "6337058"]
[WhiteElo "1519"]
[BlackElo "2369"]
[Result "1/2-1/2"]
[Round "08"]
[TimeControl "180+2"]
[Date "2023.02.14"]
[WhiteClock "0:00:04"]
[BlackClock "0:00:05"]

1. e4 c5 2. Nc3 d6 3. g3 Nc6 4. d3 g6 5. Bg2 Bg7 6. f4 e6 7. Nf3 Nge7 8. O-O O-O 9. Be3 Nd4 10. Qd2 Nec6 11. Nh4 f5 12. Nd1 Bf6 13. c3 Nb5 14. Nf3 Bg7 15. Nf2 b6 16. a4 Nc7 17. d4 Na5 18. Qc2 c4 19. Rfe1 Qd7 20. d5 exd5 21. exd5 Bb7 22. Bd4 Bxd5 23. Bxg7 Qxg7 24. Rad1 Rae8 25. Ng5 Bxg2 26. Kxg2 h6 27. Nf3 Nb7 28. Rxe8 Rxe8 29. Qd2 Qf6 30. h4 h5 31. Nh3 Kg7 32. Nhg5 Re7 33. Qf2 Nc5 34. Rd4 Ne4 35. Qf1 d5 36. Ne5 a6 37. Qd1 Qf8 38. Nxe4 fxe4 39. Rxd5 Nxd5 40. Qxd5 Qf5 41. Qd6 Qf6 42. Qd4 b5 43. axb5 axb5 44. Qxe4 Ra7 45. Qd4 Ra2 46. Kf3 Rxb2 47. Qd7+ Kg8 48. Qe8+ Kg7 49. Qd7+ Kg8 50. Qe8+ Kg7 51. Qd7+ 1/2-1/2


[Site "https://www.chess.com"]